 Dungeon Crawl Stone Soup version 0.22-a0-601-gb0ed703 (webtiles) character file.

34 sking99 the Sneak (level 3, -3/24 HPs)
             Began as a Vampire Enchanter on July 6, 2018.
             Slain by an adder (4 damage)
             ... on level 2 of the Dungeon.
             The game lasted 00:04:05 (1468 turns).

sking99 the Sneak (Vampire Enchanter)               Turns: 1468, Time: 00:04:06

Health: -3/24      AC:  2    Str:  7    XL:     3   Next: 14%
Magic:  2/6        EV: 13    Int: 18    God:
Gold:   39         SH:  0    Dex: 14    Spells: 3/6 levels left

rFire    . . .     SeeInvis +   a - +1 dagger
rCold    . . .     Gourm    .   (no shield)
rNeg     + . .     Faith    .   b - +0 robe
rPois    .         Spirit   .   (no helmet)
rElec    .         Reflect  .   (no cloak)
rCorr    .         Harm     .   (no gloves)
MR       .....                  (no boots)
Stlth    +++.......             (no amulet)
HPRegen  0.08/turn              (no ring)
MPRegen  0.10/turn              (no ring)

@: lethally poisoned (-3 -> -6)
A: fangs 3, see invisible, unbreathing
a: Bat Form


You were on level 2 of the Dungeon.
You were not thirsty.

You visited 1 branch of the dungeon, and saw 2 of its levels.

You collected 39 gold pieces.

Inventory:

Hand Weapons
 a - a +1 dagger (weapon)
Armour
 b - a +0 robe (worn)
 f - a +0 shield
Jewellery
 h - an uncursed ring of fire {unknown}
Scrolls
 c - a scroll of fog {unknown}
 e - a scroll of fear {unknown}
 g - 3 scrolls of identify {unknown}
 i - a scroll of teleportation {unknown}
Potions
 d - 8 potions of blood
 j - 2 potions of lignification {unknown}


   Skills:
 - Level 1.1 Short Blades
 + Level 2.7 Dodging
 + Level 5.0 Stealth
 + Level 2.3 Spellcasting
 + Level 4.9 Hexes
 + Level 0.5 Ice Magic


You had 3 spell levels left.
You knew the following spells:

 Your Spells              Type           Power        Failure   Level  Hunger
a - Ensorcelled Hibernat  Hex/Ice        ##....       9%          2    ##.....
b - Corona                Hex            ###....      2%          1    #......

Your spell library contained the following spells:

 Spells                   Type           Power        Failure   Level  Hunger
 Confuse                  Hex            ###.....     7%          3    ###....
 Tukima's Dance           Hex            ###.....     7%          3    ###....
 Dazzling Spray           Conj/Hex       ##....       19%         3    ###....


Dungeon Overview and Level Annotations

Branches:
Dungeon (2/15)

Altars:
Xom


Innate Abilities, Weirdness & Mutations

You have razor-sharp teeth.
You have supernaturally acute eyesight. (SInv)
You can survive without breathing.


Message History

Yummy - fresh blood!
You feel sick. The adder barely misses you.
You feel sick. The adder barely misses you.
You feel sick.
You feel sick. The adder barely misses you.
You feel sick.
A rat comes into view.
You feel sick. The adder bites you.
* * * LOW HITPOINT WARNING * * *
You feel sick.
* * * LOW HITPOINT WARNING * * *
You feel sick. The adder barely misses you.
You fail to use your ability.
* * * LOW HITPOINT WARNING * * *
You feel sick. The adder bites you.
* * * LOW HITPOINT WARNING * * *
Okay, then.
Yummy - fresh blood!
The adder bites you.
You die...

#.......#### #..........#
#.....>....###....%
#..............?...
#..........#.......
#######....<.....#.......
#...)............#.......
....#####..........#......
.....####...@.........##...
#........S..............
#.####.##......r.(......
##. ##.#..#...##........
....##.[...#...##.......b
..........................
####........#...#.#.##.#.#
#........#.....#.# .# .
#..........#..##.## .


You could see an adder and a rat.

Vanquished Creatures
  A dart slug (D:1)
  2 giant cockroaches (D:1)
  2 goblins (D:1)
  4 hobgoblins
  4 jackals (D:2)
  4 kobolds (D:1)
  7 bats
  3 frilled lizards (D:1)
  5 rats
32 creatures vanquished.

Notes
Turn   | Place    | Note
-------+----------+-------------------------------------------
     0 | D:1      | sking99 the Vampire Enchanter began the quest for the Orb.
     0 | D:1      | Reached XP level 1. HP: 13/13 MP: 3/3
   126 | D:1      | Found a shimmering altar of Xom.
   128 | D:1      | Found a blossoming altar of Fedhas.
   128 | D:1      | Found a radiant altar of Vehumet.
   329 | D:1      | Found a glowing silver altar of Zin.
   329 | D:1      | Found a shimmering altar of Xom.
   329 | D:1      | Found a hide-covered altar of Uskayaw.
   412 | D:1      | Reached XP level 2. HP: 19/19 MP: 5/5
   667 | D:1      | Learned a level 2 spell: Ensorcelled Hibernation
  1282 | D:2      | Reached XP level 3. HP: 24/24 MP: 3/6
  1427 | D:2      | Reached skill level 5 in Stealth
  1467 | D:2      | HP: 1/24 [adder (4)]
  1468 | D:2      | Slain by an adder

Vault maps used:
D:1:      minmay_arrival_four_loops, doesnt_xom_only_xom

Skill      XL: |  1  2  3 |
---------------+----------+-----
Stealth        | 5 |  5.0
Short Blades   | |  1.1
Dodging        | |  2.7
Spellcasting   | |  2.3
Hexes          | |  4.9
Ice Magic      | |  0.5

Action                   || total
-------------------------++-------
Melee: Dagger            ||    70
       Bite              ||     3
 Cast: Corona            ||     6
       Ensorcelled Hiber ||    12
  Use: Potion            ||     4
 Stab: Sleeping          ||    19
Armor: Robe              ||    10
Dodge: Dodged            ||    35

Table legend:
 A = Spawn XP
 B = Non-spawn XP
 C = Spawn XP percentage of total XP
 D = Spawn monster count
 E = Non-spawn monster count
 F = Spawn count percentage of total count
 G = Total turns spent on level
                    A         B        C        D         E        F      G
               +---------+---------+-------+---------+---------+-------+---------
         Total |       0 |      49 |   0.0 |       0 |      32 |   0.0 |  1468
               +---------+---------+-------+---------+---------+-------+---------
           D:1 |       0 |      34 |   0.0 |       0 |      22 |   0.0 |  1241
           D:2 |       0 |      15 |   0.0 |       0 |      10 |   0.0 |   227
               +---------+---------+-------+---------+---------+-------+---------
